 Dungeon Crawl Stone Soup version 0.30-a0-1157-g2cc9ac7196 (webtiles) character file.

Game seed: 1223648032442504148

30162 jasper the Bewitcher (level 13, -6/61 HPs)
             Began as a Spriggan Conjurer on Apr 24, 2023.
             Was a High Priest of Sif Muna.
             Killed by an exploding fulminant prism (39 damage)
             ... on level 2 of the Lair of Beasts.
             The game lasted 00:43:31 (21102 turns).

jasper the Bewitcher (Spriggan Conjurer)           Turns: 21102, Time: 00:43:32

Health: -6/61      AC:  9    Str:  3    XL:     13   Next: 19%
Magic:  6/28       EV: 20    Int: 25    God:    Sif Muna [*****.]
Gold:   594        SH:  0    Dex: 13    Spells: 8/32 levels left

rFire   . . .        l - staff of conjuration
rCold   . . .        (shield currently unavailable)
rNeg    . . .        A - +0 steam dragon scales
rPois   .            (helmet restricted)
rElec   .            H - scarf {+Inv}
rCorr   .            (gloves unavailable)
SInv    +            (boots unavailable)
Will    ++...        s - amulet of faith
Stlth   ++           m - +4 ring of protection
HPRegen 0.30/turn    (no ring)
MPRegen 0.21/turn

%: faith
@: lethally poisoned (-6 -> -14), slowed, quick
A: very small, no large weapons, unfitting armour, see invisible, speed 3
a: Renounce Religion, Evoke Invisibility, Channel Magic, Forget Spell, Divine
Exegesis


You were on level 2 of the Lair of Beasts.
You worshipped Sif Muna.
Sif Muna was extremely pleased with you.
You visited 2 branches of the dungeon, and saw 16 of its levels.
You also visited: Bailey.

You collected 706 gold pieces.
You spent 112 gold pieces at shops.

Inventory:

Hand Weapons
 e - a +0 spear
 i - a +1 rapier
Missiles
 k - 3 throwing nets
Armour
 a - a +1 robe
 A - +0 steam dragon scales (worn)
 H - a scarf of invisibility (worn)
Magical Staves
 l - a staff of conjuration (weapon)
Jewellery
 g - an amulet of guardian spirit
 m - a +4 ring of protection (left hand)
 r - a ring of poison resistance
 s - an amulet of faith (around neck)
 y - an amulet of reflection
 J - a +6 ring of strength
 M - an amulet of regeneration
 P - a ring of ice
Wands
 o - a wand of paralysis (2)
 u - a wand of light (7)
 B - a wand of polymorph (6)
 G - a wand of flame (18)
Scrolls
 f - 3 scrolls of teleportation
 w - 4 scrolls of blinking
 x - 3 scrolls of immolation
 z - 2 scrolls of poison
 C - a scroll of fog
 D - a scroll of torment
 E - a scroll of vulnerability
 F - 3 scrolls of fear
 L - a scroll of enchant armour
Potions
 b - 2 potions of magic
 c - 6 potions of brilliance
 d - a potion of heal wounds
 h - a potion of lignification
 j - 2 potions of resistance
 n - 6 potions of curing
 p - a potion of invisibility
 q - 2 potions of ambrosia
 t - 3 potions of mutation
 v - 3 potions of cancellation
 I - a potion of might
 K - a potion of berserk rage
 N - a potion of degeneration
 O - a potion of attraction


   Skills:
 - Level 4.1 Fighting
 - Level 7.3 Dodging
 - Level 3.0 Stealth
 - Level 10.0 Spellcasting
 - Level 7.0 Conjurations
 - Level 16.0 Hexes
 - Level 5.0 Summonings
 - Level 10.0 Translocations
 + Level 7.0 Invocations
 - Level 4.8 Evocations


You had 8 spell levels left.
You knew the following spells:

 Your Spells              Type           Power      Damage    Failure   Level
a - Blink                 Tloc           100%       N/A       1%          2
b - Searing Ray           Conj           100%       2d8       1%          2
c - Fulminant Prism       Conj/Hex       40%        3d19      1%          4
d - Iskenderun's Mystic   Conj/Tloc      70%        2d14      1%          4
e - Enfeeble              Hex            37%        N/A       6%          7
f - Summon Forest         Summ/Tloc      25%        N/A       6%          5

Your spell library contained the following spells:

 Spells                   Type           Power      Damage    Failure   Level
 Apportation              Tloc           100%       N/A       1%          1
 Magic Dart               Conj           100%       1d8       1%          1
 Momentum Strike          Conj/Tloc      100%       3d10      1%          2
 Call Canine Familiar     Summ           37%        N/A       1%          3
 Dazzling Flash           Conj/Hex       100%       N/A       1%          3
 Portal Projectile        Hex/Tloc       100%       N/A       1%          3
 Summon Guardian Golem    Hex/Summ       60%        N/A       1%          3
 Vhi's Electric Charge    Tloc/Air       74%        N/A       1%          3
 Volatile Blastmotes      Fire/Tloc      74%        2d16      1%          3
 Anguish                  Hex/Necr       25%        N/A       1%          4
 Cause Fear               Hex            37%        N/A       1%          4
 Leda's Liquefaction      Hex/Erth       25%        N/A       1%          4
 Manifold Assault         Tloc           58%        N/A       1%          4
 Scorch                   Fire           24%        2d6       8%          2
 Flame Wave               Conj/Fire      45%        2d12      12%         4
 Sticky Flame             Conj/Fire      45%        2d6       12%         4
 Summon Ice Beast         Ice/Summ       25%        N/A       17%         4
 Arcjolt                  Conj/Air       22%        1d32      32%         5
 Summon Cactus Giant      Summ           18%        N/A       67%         6
 Lee's Rapid Deconstruct  Erth           6%         3d6*      80%         5
 Orb of Destruction       Conj           31%        9d10      93%         7
 Spellforged Servitor     Conj/Summ      29%        N/A       98%         7
 Maxwell's Capacitive Co  Air            6%         ∞         100%        8


Dungeon Overview and Level Annotations

Branches:
Dungeon (14/15)            Temple (0/1) D:6            Lair (2/5) D:9
  Snake (0/4) Lair:2          Orc (0/2) D:9          Bailey (visited)
  Swamp: Lair:2-3    Shoals: Lair:2-3    Vaults: D:13-14

Altars:
Dithmenos
Elyvilon
Fedhas
Hepliaklqana
Nemelex Xobeh
Okawaru
Qazlal
Ru
Sif Muna
Vehumet
Xom
Yredelemnul
The Shining One

Shops:
D:6 !   D:8 (

Annotations:
D:5 2 transporters, voltaire321's ghost, amateur DEHW
D:10 1 runed translucent door, Unforgiven's ghost, journeyman SpBr
D:12 3 runed translucent doors, Bediveer's ghost, novice DrCj
D:14 Rupert; Urug
Lair:2 Nergalle; Sonja


Innate Abilities, Weirdness & Mutations

You are very small and have problems with some larger weapons.
You are too small for most types of armour.
You have supernaturally acute eyesight. (SInv)
You cover ground extremely quickly. (Speed+++)


Message History

The mystic blast hits Sonja!
Sonja is heavily wounded.
Sonja is knocked back by the mystic blast.
Sonja throws a curare-tipped dart.
The curare-tipped dart barely misses you.
You now have 13/28 mp.
Casting: Iskenderun's Mystic Blast (dangerous; 1% risk of failure)
Confirm with . or Enter, or press ? or * to list all spells.
Aiming: Fulminant Prism (safe; 1% risk of failure)
Press: ? - help, Dir - move target You feel a surge of power!
You conjure a prism of explosive energy!
A fulminant prism comes into view.
Sonja throws a curare-tipped dart.
The curare-tipped dart hits you.
You are poisoned.
You have difficulty breathing.
You feel yourself slow down.
You take 4 damage, and have 40/61 hp.
You now have 9/28 mp.
You feel very sick.
Sonja casts a spell.
Sonja blinks!
You take 4 damage, and have 36/61 hp.
Casting: Fulminant Prism (safe; 1% risk of failure)
Confirm with . or Enter, or press ? or * to list all spells.
You don't know that spell.
Okay, then.
Unknown command.
Casting: Fulminant Prism (safe; 1% risk of failure)
Confirm with . or Enter, or press ? or * to list all spells.
You feel a surge of power!
You erupt in a blast of force!
The mystic blast hits Sonja!
Sonja is almost dead.
Sonja is knocked back by the mystic blast.
You feel very sick.
You hear a loud crackle.
Sonja mumbles some strange words.
Sonja blinks!
You hear an explosion!
The blast of energy engulfs you!!!
Ouch! That really hurt!
You die...

### #.# ### ###
##.##########.#####..##
............§............
.........................
...###...##....#...# #..
...###P##.....*..####.###
.....####...##.#.........
...+..##.....###@.......#
....###..###.# ##.......'
...## ##.§≈§.# #........#
...# ##§§§## #.......#.
...# #.§§..# ##†##§.##
...# #..≈..# #.'.#.+.#
.... ##.≈≈.##..........
.. #..≈.##.......)<. ..
#.§§.##..........


There were no monsters in sight!

Vanquished Creatures
  Fannar (Lair:2)
  2 vault guards (Bailey)
  3 two-headed ogres
  A skeletal warrior (D:12)
  Amaemon (Lair:1)
  A lindwurm (Lair:2)
  A cyclops (D:11)
  An ugly thing (D:14)
  A manticore (D:11)
  6 elephants (Lair:1)
  A black mamba (Lair:2)
  5 cane toads
  An orange demon (Lair:1)
  Psyche (D:8)
  Maggie (D:8)
  An unseen horror (D:10)
  2 komodo dragons (Lair:2)
  7 trolls
  A polar bear (Lair:2)
  Prince Ribbit (Bailey)
  2 hornets
  7 blink frogs
  Sigmund (D:5)
  5 wyverns
  A shadow (D:10)
  4 basilisks
  9 humans
  A vampire (D:11)
  Eustachio (D:5)
  29 yaks
  5 nagas (Lair:2)
  Menkaure (D:5)
  3 acid dragons
  9 water moccasins
  4 sky beasts
  5 orc warriors
  4 black bears
  3 ice beasts
  11 centaurs
  4 kobold brigands
  15 bullfrogs
  2 gnoll sergeants
  3 scorpions
  4 wights (D:9)
  10 killer bees
  4 howler monkeys
  3 jellies
  3 hounds
  2 gnoll boudas
  An orc priest (D:7)
  A sleepcap (D:5)
  10 orc wizards
  5 iguanas
  20 gnolls
  8 adders
  5 shadow imps
  3 white imps
  2 ufetubi
  3 worms
  2 dart slugs
  47 orcs
  4 endoplasms
  2 giant cockroaches
  10 goblins
  10 hobgoblins
  5 jackals
  3 quokkas
  4 ball pythons
  5 bats
  3 frilled lizards
  14 kobolds
  5 rats
366 creatures vanquished.

Vanquished Creatures (collateral kills)
  A bullfrog (Lair:2)
1 creature vanquished.

Vanquished Creatures (others)
  250 fulminant prisms
  63 fungi
  79 plants
  A snaplasher vine (Lair:2)
  2 withered plants (D:3)
395 creatures vanquished.

Grand Total: 762 creatures vanquished

Notes
Turn   | Place    | Note
-------+----------+-------------------------------------------
     0 | D:1      | jasper the Spriggan Conjurer began the quest for the Orb.
     0 | D:1      | Reached XP level 1. HP: 9/9 MP: 5/5
   235 | D:1      | Reached XP level 2. HP: 13/13 MP: 1/6
   365 | D:1      | Learned a level 2 spell: Searing Ray
  1084 | D:2      | Reached XP level 3. HP: 16/16 MP: 6/8
  2045 | D:3      | Reached XP level 4. HP: 21/21 MP: 6/9
  2050 | D:3      | Learned a level 4 spell: Fulminant Prism
  2092 | D:3      | Found a faded altar of an unknown god.
  2334 | D:3      | Reached skill level 1 in Hexes
  3102 | D:3      | Found a sacrificial altar of Ru.
  3102 | D:3      | Found a shimmering blue altar of Sif Muna.
  3103 | D:3      | Found a sparkling altar of Nemelex Xobeh.
  3109 | D:3      | Found a shadowy altar of Dithmenos.
  3110 | D:3      | Became a worshipper of Sif Muna the Loreminder
  3113 | D:3      | Found a hazy altar of Hepliaklqana.
  3114 | D:3      | Found a stormy altar of Qazlal.
  3119 | D:3      | Reached skill level 2 in Hexes
  3154 | D:3      | Found a white marble altar of Elyvilon.
  3157 | D:3      | Found a blossoming altar of Fedhas.
  3158 | D:3      | Found a basalt altar of Yredelemnul.
  3171 | D:3      | Reached XP level 5. HP: 24/24 MP: 2/10
  4443 | D:4      | Reached skill level 3 in Hexes
  4679 | D:4      | Reached XP level 6. HP: 28/28 MP: 5/11
  5019 | D:5      | Entered Level 5 of the Dungeon
  5024 | D:5      | Reached skill level 5 in Conjurations
  5088 | D:5      | Reached skill level 4 in Hexes
  5176 | D:5      | Found a transporter.
  5274 | D:5      | Noticed Eustachio
  5279 | D:5      | Noticed voltaire321's ghost (amateur DEHW)
  5283 | D:5      | Noticed an acid dragon
  5301 | D:5      | Killed Eustachio
  5454 | D:5      | Reached skill level 5 in Hexes
  5454 | D:5      | Reached XP level 7. HP: 22/32 MP: 3/12
  5535 | D:5      | Reached * piety under Sif Muna
  5666 | D:5      | Noticed Sigmund
  5719 | D:5      | Killed Sigmund
  5720 | D:5      | Reached skill level 6 in Hexes
  5729 | D:5      | Learned a level 4 spell: Iskenderun's Mystic Blast
  5879 | D:5      | Reached XP level 8. HP: 36/36 MP: 0/13
  5997 | D:5      | Noticed Menkaure
  6241 | D:5      | Killed Menkaure
  6452 | D:5      | Found a transporter.
  6828 | D:5      | Reached skill level 5 in Translocations
  6914 | D:5      | Found a sacrificial altar of Ru.
  7650 | D:6      | Found a staircase to the Ecumenical Temple.
  7700 | D:6      | Reached skill level 1 in Fighting
  7774 | D:6      | Reached ** piety under Sif Muna
  7964 | D:6      | Reached XP level 9. HP: 42/42 MP: 9/16
  8025 | D:6      | Found a shimmering altar of Xom.
  8227 | D:6      | Identified the +1 long sword of Sudden Death {flame, Str+6
                  | Dex+4}
  8293 | D:6      | Found Jinuf's Distillery.
  8296 | D:6      | Bought a potion of curing for 42 gold pieces
  8296 | D:6      | Bought a potion of heal wounds for 70 gold pieces
  8646 | D:7      | Reached skill level 5 in Dodging
  8831 | D:7      | Noticed a troll
  8850 | D:7      | Killed a troll
  8851 | D:7      | Reached skill level 5 in Spellcasting
  8851 | D:7      | Reached skill level 1 in Evocations
 10132 | D:8      | Noticed Maggie
 10141 | D:8      | Killed Maggie
 10308 | D:8      | Found Wirgh's Antique Weapon Emporium.
 10326 | D:8      | Noticed Psyche
 10329 | D:8      | Reached *** piety under Sif Muna
 10335 | D:8      | Killed Psyche
 10859 | D:9      | Reached XP level 10. HP: 49/49 MP: 8/21
 11054 | D:9      | Reached skill level 1 in Invocations
 11295 | D:9      | Reached skill level 7 in Hexes
 12022 | D:9      | Found a glowing golden altar of the Shining One.
 12037 | D:9      | Reached skill level 8 in Hexes
 12246 | D:9      | Reached **** piety under Sif Muna
 12263 | D:9      | Learned a level 7 spell: Enfeeble
 12353 | D:9      | Found a radiant altar of Vehumet.
 12385 | D:9      | Found a staircase to the Lair.
 12987 | D:9      | Found a staircase to the Orcish Mines.
 13003 | D:9      | Reached XP level 11. HP: 53/53 MP: 14/22
 13097 | D:9      | Found an iron altar of Okawaru.
 13252 | D:10     | Entered Level 10 of the Dungeon
 13305 | D:10     | Reached skill level 5 in Invocations
 13314 | D:10     | Noticed a two-headed ogre
 13330 | D:10     | Killed a two-headed ogre
 13404 | D:10     | Found a flagged portal.
 13434 | Bailey   | Entered a bailey
 13659 | Bailey   | Noticed Prince Ribbit
 13664 | Bailey   | Killed Prince Ribbit
 13665 | Bailey   | Reached skill level 9 in Hexes
 13998 | Bailey   | Noticed a vault guard
 14042 | Bailey   | Killed a vault guard
 14043 | Bailey   | Reached skill level 10 in Hexes
 14231 | Bailey   | Noticed a vault guard
 14245 | Bailey   | Killed a vault guard
 14424 | D:10     | Reached skill level 11 in Hexes
 14581 | D:10     | Reached ***** piety under Sif Muna
 14905 | D:10     | Reached skill level 12 in Hexes
 15116 | D:10     | Found a runed translucent door.
 15116 | D:10     | Noticed Unforgiven's ghost (journeyman SpBr)
 15117 | D:10     | Noticed a yaktaur captain
 15336 | D:10     | Received a gift from Sif Muna
 15337 | D:10     | Got Sif Muna's Almanac of the Violent Familiar {god gift}
 15405 | D:10     | Learned a level 5 spell: Summon Forest
 15738 | D:11     | Noticed a two-headed ogre
 15748 | D:11     | Killed a two-headed ogre
 16033 | D:11     | Reached skill level 13 in Hexes
 16324 | D:11     | Reached XP level 12. HP: 47/58 MP: 1/23
 16794 | D:11     | You fall into a shaft and drop 3 floors!
 16829 | D:14     | Reached skill level 14 in Hexes
 16868 | D:14     | Noticed Urug
 16869 | D:14     | Noticed Rupert
 16898 | D:12     | Noticed a two-headed ogre
 16966 | D:12     | Noticed a two-headed ogre
 16974 | D:12     | Killed a two-headed ogre
 17137 | D:12     | Noticed a boulder beetle
 17239 | D:12     | Found a runed translucent gate.
 17240 | D:12     | Found a runed translucent gate.
 17240 | D:12     | Noticed Bediveer's ghost (novice DrCj)
 17241 | D:12     | Found a runed translucent gate.
 17515 | D:11     | Reached skill level 15 in Hexes
 18053 | Lair:1   | Entered Level 1 of the Lair of Beasts
 18065 | Lair:1   | Reached skill level 10 in Translocations
 18200 | Lair:1   | Reached skill level 1 in Summonings
 18555 | Lair:1   | Noticed Amaemon
 18580 | Lair:1   | Killed Amaemon
 19816 | Lair:2   | Noticed Fannar
 19838 | Lair:2   | Received a gift from Sif Muna
 19842 | Lair:2   | Killed Fannar
 19845 | Lair:2   | Got Sif Muna's Volume of Transportation {god gift}
 19849 | Lair:2   | Learned a level 2 spell: Blink
 19890 | Lair:2   | Reached skill level 10 in Spellcasting
 19966 | Lair:2   | Noticed Sonja
 20099 | Lair:2   | Reached XP level 13. HP: 61/61 MP: 16/28
 20111 | Lair:2   | Reached skill level 5 in Summonings
 20567 | Lair:2   | Noticed Nergalle
 20825 | Lair:2   | Found a staircase to the Snake Pit.
 21094 | Lair:2   | Reached skill level 16 in Hexes
 21102 | Lair:2   | Killed by an exploding fulminant prism

Illustrated notes

Levels and vault maps discovered:
D:1:      dpeg_arrival_orchard, layout_loops_ring
D:2:      layout_rooms
D:3:      layout_basic, nicolae_overflow_hallway_of_the_gods,
          shapermc_ecumenical_altar_flowoftime, grunt_ministairs_2,
          st_stairs_13, kennysheep_generic_room_8
D:4:      layout_basic, chequers_mini_garden
D:5:      layout_basic, gammafunk_ghost_arena, kennysheep_diamond,
          serial_bayou_pond_d, chequers_serial_rivers_micro_a, st_stairs_8,
          minmay_misc_feat_ornament, minmay_puff, uniq_sigmund, uniq_menkaure,
          uniq_eustachio
D:6:      layout_basic, tgw_xom, temple_pool_b, serial_shops,
          nicolae_shop_real_fake_doors, hellmonk_bongcloud_opening, st_stairs_9
D:7:      layout_cave_pools
D:8:      layout_gridville, serial_shops, nicolae_shop_tiny_glass, uniq_maggie,
          uniq_psyche
D:9:      layout_small_grid, kennysheep_mini_moat, vehumet_altar_wand_db,
          okawaru_altar_gauntlet_db, due_lair_maze_entry_diamond,
          minmay_diced_spiral
D:10:     nicolae_BIG_FREAKIN_CUBE, layout_irregular_city,
          ebering_ghost_inner_flame, enter_bailey_6, st_stairs_4,
          kennysheep_cross_room
D:11:     layout_irregular_city
D:12:     layout_gridville, gammafunk_ghost_spectres, grunt_decor_one_mirror
D:13:     layout_irregular_city, kennysheep_doodads, uniq_lodul
D:14:     layout_cave_pools, david_vaults_3,
          nicolae_gozag_cash_rules_everything_around_me
Lair:1:   layout_roguey, gauntlet_entry_generic, serial_bayou_shore_b,
          grunt_megastairs_4, uniq_amaemon
Lair:2:   layout_regular_city, minmay_snake_entry_guardpost_medium,
          nicolae_volcano_entry_vermiform, uniq_nergalle, uniq_fannar,
          uniq_sonja

Skill      XL: |  1  2  3  4  5  6  7  8  9 10 11 12 13 |
---------------+----------------------------------------+-----
Conjurations   | 3 4 5 6 7 |  7.0
Hexes          | 2 3 5 6 8 13 15 16 | 16.0
Translocations | 2 6 9 10 | 10.0
Dodging        | 4 7 |  7.3
Spellcasting   | 4 6 10 | 10.0
Fighting       | 2 4 |  4.1
Evocations     | 4 |  4.8
Invocations    | 4 7 |  7.0
Summonings     | 4 5 |  5.0
Stealth        | |  3.0

Action                     |  1- 3 |  4- 6 |  7- 9 | 10-12 | 13-15 || total
---------------------------+-------+-------+-------+-------+-------++-------
  Melee: Rapier            |       |    10 |    10 |     9 |       ||    29
         Staff             |       |       |     2 |    30 |     4 ||    36
         Punch             |       |       |     1 |     1 |       ||     2
   Cast: Magic Dart        |    80 |    61 |   114 |    52 |       ||   307
         Searing Ray       |     4 |    28 |    29 |    21 |       ||    82
         Fulminant Prism   |       |     1 |    37 |   180 |    32 ||   250
         Iskenderun's Myst |       |       |     3 |    66 |     9 ||    78
         Enfeeble          |       |       |       |     2 |       ||     2
         Summon Forest     |       |       |       |     1 |       ||     1
 Invoke: Channel Magic     |       |       |       |     3 |     1 ||     4
  Evoke: Wand              |       |     2 |     8 |     9 |       ||    19
    Use: Scroll            |     6 |     4 |     5 |    11 |       ||    26
         Potion            |       |       |       |     1 |       ||     1
   Stab: Paralysed         |       |     5 |     6 |     9 |       ||    20
 Armour: Robe              |       |     4 |     1 |       |       ||     5
         Steam dragon scal |       |       |     1 |    22 |     3 ||    26
  Dodge: Dodged            |    10 |    21 |    29 |   120 |    19 ||   199

Table legend: (Time is in decaauts)
 A = Elapsed time spent in this place.
 B = Non-inter-level travel time spent in this place.
 C = Inter-level travel time spent in this place.
 D = Time resting spent in this place.
 E = Time spent auto-exploring this place.
 F = Levels seen in this place.
 G = Mean time per level.
                   A        B        C        D        E       F      G
               +--------+--------+--------+--------+--------+-----+--------+
         Total |  17434 |  17031 |    403 |   3963 |  10464 |  17 | 1025.5 |
       Dungeon |  14193 |  13832 |    361 |   3423 |   8464 |  14 | 1013.8 |
          Lair |   2327 |   2286 |     41 |    258 |   1540 |   2 | 1163.5 |
        Bailey |    913 |    913 |      0 |    282 |    459 |   1 |  913.0 |
               +--------+--------+--------+--------+--------+-----+--------+

Top non-repeatable levels by time:
     D:9: 1941 daAuts
     D:5: 1881 daAuts
    D:10: 1626 daAuts
  Lair:1: 1479 daAuts
     D:8: 1452 daAuts
     D:3: 1416 daAuts
     D:6: 1215 daAuts
     D:4: 969 daAuts
    D:11: 931 daAuts
  Bailey: 913 daAuts
  Lair:2: 847 daAuts
     D:2: 829 daAuts
     D:1: 765 daAuts
     D:7: 751 daAuts
    D:12: 352 daAuts
